AoeStats
← uli2099

Arena

510073017Analyzed
2v2 RM · 4d ago on Sep 29, 2026· 51m 3s· 4 players
Game mode
Random Map
Map size
Medium (4 player)
Population
200
Speed
Normal
Resources
Standard
Victory
Conquest
Starting age
Dark Age
Ending age
Imperial Age
RankedLock teamsTeams togetherTeam positionsShared explorationLock speedFull tech treeHidden civsTurbo modeCheats
Victory
Defeat
🇮🇳 Varangians · India
1391
+16
🇩🇪 Persians · Germany
1374
+16
🇨🇳 Japanese · China
1431
-18
🇨🇳 Shu · China
1336
-14
DarkkArtist
10:07 Feudal Age
13:48 Castle Age
13:14 Double-Bit Axe
13:42 Loom
13:51 Loom
14:53 Bow Saw
14:28 Horse Collar
23:07 Wheelbarrow
23:40 Forging
29:38 Stone Mining
30:19 Heavy Plow
34:29 Hand Cart
37:53 Iron Casting
42:39 Bloodlines
42:11 Light Cavalry
46:43 Imperial Age
44:28 Scale Barding Armor
45:46 Chain Barding Armor
46:30 Husbandry
uli2099
7:18 Loom
11:17 Feudal Age
15:01 Castle Age
12:55 Horse Collar
13:36 Double-Bit Axe
15:53 Bow Saw
21:53 Wheelbarrow
21:52 Heavy Plow
23:11 Gold Mining
25:08 Hand Cart
26:51 Gold Shaft Mining
26:06 Stone Mining
26:37 Scale Barding Armor
26:43 Forging
27:41 Bloodlines
28:41 Stone Shaft Mining
28:59 Bloodlines
28:50 Husbandry
32:19 Imperial Age
30:02 Masonry
31:52 Chain Barding Armor
32:08 Iron Casting
33:51 Two-Man Saw
33:25 Conscription
34:02 Scale Mail Armor
34:44 Plate Barding Armor
33:47 Elite War Elephant
34:47 Thumb Ring
38:36 Devotion
39:10 Crossbowman
41:30 Coinage
41:17 Kamandaran
42:20 Blast Furnace
41:11 Fletching
41:54 Ballistics
42:35 Chemistry
42:24 Crop Rotation
42:54 Banking
45:15 Bodkin Arrow
老菜套
10:22 Feudal Age
11:57 Double-Bit Axe
14:55 Castle Age
13:04 Stone Mining
12:56 Horse Collar
13:33 Loom
13:44 Gold Mining
15:05 Scale Mail Armor
27:31 Bow Saw
29:34 Town Watch
31:36 Heavy Plow
33:07 Wheelbarrow
36:43 Imperial Age
35:05 Chain Mail Armor
35:10 Town Patrol
35:21 Forging
35:14 Pikeman
36:04 Fletching
36:41 Squires
36:35 Arson
37:35 Hand Cart
38:47 Gold Shaft Mining
38:35 Bodkin Arrow
38:49 Halberdier
40:27 Plate Mail Armor
40:41 Conscription
41:29 Bracer
42:52 Two-Man Saw
42:56 Scale Barding Armor
42:27 Onager
44:11 Capped Ram
45:17 Heavy Hei Guang Cavalry
45:19 Light Cavalry
46:00 Husbandry
46:01 Siege Ram
Kaiser Ze
10:01 Feudal Age
14:35 Castle Age
13:48 Double-Bit Axe
15:31 Bow Saw
15:13 Gold Mining
18:18 Arson
18:34 Squires
20:17 Fletching
22:08 Scale Mail Armor
24:35 Forging
29:26 Gold Shaft Mining
30:03 Wheelbarrow
30:46 Iron Casting
30:27 Chain Mail Armor
35:01 Sanctity
35:08 Fervor
37:42 Town Watch
38:13 Hand Cart
37:44 Loom
40:53 Horse Collar
41:04 Stone Mining
45:38 Imperial Age
43:53 Pikeman
44:18 Gambesons
44:51 Chain Mail Armor
45:09 Heavy Plow
48:14 Town Patrol
48:13 Halberdier
49:26 Conscription
49:07 Yasama
50:33 Plate Mail Armor
Connection lost

Rejoining the realm…

Still unreachable

The connection could not be restored.

Session expired

The server has moved on; the page needs a fresh start.